TOP OF THE 1ST |
Minnesota Death Stars batting - Pitching for Manhatten Meatheads : RHP Daniel Carter
|
Pitching: RHP Daniel Carter
|
|
Batting: RHB Sergio Calderón
|
0-0: Called Strike 0-1: Swinging Strike 0-2: Ball 1-2: Ball 2-2: Foul Ball, location: 2F 2-2: Ball 3-2: SINGLE (Groundball, 6MD)
|
Batting: RHB Sean King
|
0-0: Ball 1-0: Called Strike 1-1: Called Strike 1-2: Foul Ball, location: 2F 1-2: Foul Ball, location: 2F 1-2: Foul Ball, location: 2F 1-2: Strikes out swinging Sergio Calderón steals 2nd base Batter strikes out.
|
Batting: RHB William Robinson
|
0-0: Called Strike 0-1: Swinging Strike 0-2: Strikes out swinging
|
Batting: RHB Raúl Flores
|
0-0: Swinging Strike 0-1: Called Strike 0-2: Strikes out swinging
|
Top of the 1st over - 0 run(s), 1 hit(s), 0 error(s), 1 left on base; Minnesota 0 - Manhatten 0 |
BOTTOM OF THE 1ST |
Manhatten Meatheads batting - Pitching for Minnesota Death Stars : RHP Gilbert Bright
|
Pitching: RHP Gilbert Bright
|
|
Batting: SHB Cornell Payne
|
0-0: Ball 1-0: Ball 2-0: Called Strike 2-1: Ball 3-1: Base on Balls
|
Batting: RHB Adrián López
|
0-0: Called Strike 0-1: Ball 1-1: Fly out, F4 (Popup, 4MD)
|
Batting: RHB Denver Baker
|
0-0: Ball 1-0: Called Strike Cornell Payne steals 2nd base 1-1: DOUBLE (Line Drive, 5D) Cornell Payne scores
|
Batting: LHB Robbie Turner
|
0-0: Foul Ball, location: 2F 0-1: Ground out 1-3 (Groundball, 15S)
|
Batting: RHB Craig Chapman
|
0-0: Ball 1-0: Called Strike 1-1: Ball 2-1: Ball 3-1: Foul Ball, location: 2F 3-2: Ground out 6-3 (Groundball, 6)
|
Bottom of the 1st over - 1 run(s), 1 hit(s), 0 error(s), 1 left on base; Minnesota 0 - Manhatten 1 |
TOP OF THE 2ND |
Minnesota Death Stars batting - Pitching for Manhatten Meatheads : RHP Daniel Carter
|
Batting: RHB Christian Moss
|
0-0: Foul Ball, location: 2F 0-1: Foul Ball, location: 2F 0-2: Ball 1-2: DOUBLE (Flyball, 9LD)
|
Batting: RHB Kel Weeks
|
0-0: Ball 1-0: Swinging Strike 1-1: Ground out 1-3 (Groundball, 15)
|
Batting: RHB Mike Wagner
|
0-0: Swinging Strike 0-1: Swinging Strike 0-2: Foul Ball, location: 2F 0-2: Ball 1-2: Strikes out swinging
|
Batting: RHB Octávio Ramos
|
0-0: Ball 1-0: Ball 2-0: Ball 3-0: Base on Balls
|
Batting: RHB Pat Bray
|
0-0: Called Strike 0-1: Ball 1-1: Foul Ball, location: 2F 1-2: Strikes out looking
|
Top of the 2nd over - 0 run(s), 1 hit(s), 0 error(s), 2 left on base; Minnesota 0 - Manhatten 1 |
BOTTOM OF THE 2ND |
Manhatten Meatheads batting - Pitching for Minnesota Death Stars : RHP Gilbert Bright
|
Batting: RHB Ramiro Santana
|
0-0: Ball 1-0: Ball 2-0: Ball 3-0: Base on Balls
|
Batting: LHB Hidalgo García
|
0-0: Ball 1-0: Grounds into double play, 4-6-3 (Groundball, 4)
|
Batting: RHB José Esparza
|
0-0: Called Strike 0-1: Called Strike 0-2: Ball 1-2: Ground out 4-3 (Groundball, 4)
|
Bottom of the 2nd over - 0 run(s), 0 hit(s), 0 error(s), 0 left on base; Minnesota 0 - Manhatten 1 |
TOP OF THE 3RD |
Minnesota Death Stars batting - Pitching for Manhatten Meatheads : RHP Daniel Carter
|
Batting: RHB Sergio Calderón
|
0-0: Called Strike 0-1: Foul Ball, location: 2F 0-2: Foul Ball, location: 2F 0-2: Strikes out swinging
|
Batting: RHB Sean King
|
0-0: Ball 1-0: Called Strike 1-1: Ball 2-1: Ball 3-1: Ground out 4-3 (Groundball, 4)
|
Batting: RHB William Robinson
|
0-0: Foul Ball, location: 2F 0-1: Ball 1-1: Ball 2-1: Called Strike 2-2: Strikes out swinging
|
Top of the 3rd over - 0 run(s), 0 hit(s), 0 error(s), 0 left on base; Minnesota 0 - Manhatten 1 |
BOTTOM OF THE 3RD |
Manhatten Meatheads batting - Pitching for Minnesota Death Stars : RHP Gilbert Bright
|
Batting: RHB Lúcio Sánchez
|
0-0: SINGLE (Flyball, 8LS)
|
Batting: SHB Cornell Payne
|
0-0: Swinging Strike 0-1: Foul Ball, location: 2F 0-2: Strikes out swinging
|
Batting: RHB Adrián López
|
0-0: Ball 1-0: Fly out, F9 (Line Drive, 89M)
|
Batting: RHB Denver Baker
|
0-0: Ball 1-0: Ball 2-0: Called Strike 2-1: Foul Ball, location: 2F 2-2: Fly out, F8 (Line Drive, 8RD)
|
Bottom of the 3rd over - 0 run(s), 1 hit(s), 0 error(s), 1 left on base; Minnesota 0 - Manhatten 1 |
TOP OF THE 4TH |
Minnesota Death Stars batting - Pitching for Manhatten Meatheads : RHP Daniel Carter
|
Batting: RHB Raúl Flores
|
0-0: Ball 1-0: Ground out 3-1 (Groundball, 2R)
|
Batting: RHB Christian Moss
|
0-0: Ball 1-0: Swinging Strike 1-1: Ball 2-1: Ground out 5-3 (Groundball, 56)
|
Batting: RHB Kel Weeks
|
0-0: DOUBLE (Line Drive, 9D)
|
Batting: RHB Mike Wagner
|
0-0: Fly out, F8 (Flyball, 8LD)
|
Top of the 4th over - 0 run(s), 1 hit(s), 0 error(s), 1 left on base; Minnesota 0 - Manhatten 1 |
BOTTOM OF THE 4TH |
Manhatten Meatheads batting - Pitching for Minnesota Death Stars : RHP Gilbert Bright
|
Batting: LHB Robbie Turner
|
0-0: Ball 1-0: Called Strike 1-1: SINGLE (Groundball, 6MD)
|
Batting: RHB Craig Chapman
|
0-0: Grounds into double play, 6-4-3 (Groundball, 6)
|
Batting: RHB Ramiro Santana
|
0-0: Ball 1-0: Called Strike 1-1: Ball 2-1: Foul Ball, location: 2F 2-2: Strikes out swinging
|
Bottom of the 4th over - 0 run(s), 1 hit(s), 0 error(s), 0 left on base; Minnesota 0 - Manhatten 1 |
TOP OF THE 5TH |
Minnesota Death Stars batting - Pitching for Manhatten Meatheads : RHP Daniel Carter
|
Batting: RHB Octávio Ramos
|
0-0: Called Strike 0-1: Ball 1-1: Ball 2-1: Foul Ball, location: 2F 2-2: Ball 3-2: Strikes out swinging
|
Batting: RHB Pat Bray
|
0-0: Called Strike 0-1: Ball 1-1: Called Strike 1-2: SINGLE (Line Drive, 4MD)
|
Batting: RHB Sergio Calderón
|
0-0: Called Strike 0-1: Fly out, F6 (Popup, 6)
|
Batting: RHB Sean King
|
0-0: Fielders Choice at 2nd, 6-4 (Groundball, 6)
|
Top of the 5th over - 0 run(s), 1 hit(s), 0 error(s), 0 left on base; Minnesota 0 - Manhatten 1 |
BOTTOM OF THE 5TH |
Manhatten Meatheads batting - Pitching for Minnesota Death Stars : RHP Gilbert Bright
|
Batting: LHB Hidalgo García
|
0-0: Foul Ball, location: 2F 0-1: Ball 1-1: Ball 2-1: Ball 3-1: Base on Balls
|
Batting: RHB José Esparza
|
0-0: Ball 1-0: Foul Ball, location: 2F 1-1: Ball 2-1: DOUBLE (Groundball, 3L) Hidalgo García to third
|
Batting: RHB Lúcio Sánchez
|
0-0: Called Strike 0-1: Ball 1-1: Fly out, F3 (Flyball, 3DF)
|
Batting: SHB Cornell Payne
|
0-0: Ball 1-0: Ground out 5-3 (Groundball, 56) Hidalgo García scores
|
Batting: RHB Adrián López
|
0-0: Called Strike 0-1: Fly out, F7 (Line Drive, 7D)
|
Bottom of the 5th over - 1 run(s), 1 hit(s), 0 error(s), 1 left on base; Minnesota 0 - Manhatten 2 |
TOP OF THE 6TH |
Minnesota Death Stars batting - Pitching for Manhatten Meatheads : RHP Daniel Carter
|
Batting: RHB William Robinson
|
0-0: Swinging Strike 0-1: Ball 1-1: Ground out 4-3 (Groundball, 4)
|
Batting: RHB Raúl Flores
|
0-0: Called Strike 0-1: Called Strike 0-2: Ball 1-2: Foul Ball, location: 2F 1-2: Ball 2-2: Ball 3-2: Ground out 3-1 (Groundball, 34)
|
Batting: RHB Christian Moss
|
0-0: SOLO HOME RUN (Flyball, 78XD), Distance : 383 ft
|
Batting: RHB Kel Weeks
|
0-0: Ground out 6-3 (Groundball, 6)
|
Top of the 6th over - 1 run(s), 1 hit(s), 0 error(s), 0 left on base; Minnesota 1 - Manhatten 2 |
BOTTOM OF THE 6TH |
Manhatten Meatheads batting - Pitching for Minnesota Death Stars : RHP Gilbert Bright
|
Batting: RHB Denver Baker
|
0-0: Called Strike 0-1: Ball 1-1: Ball 2-1: Ball 3-1: Foul Ball, location: 2F 3-2: Strikes out swinging
|
Batting: LHB Robbie Turner
|
0-0: Ball 1-0: Foul Ball, location: 2F 1-1: Called Strike 1-2: Ball 2-2: Foul Ball, location: 2F 2-2: Ball 3-2: SINGLE (Line Drive, 9LS)
|
Batting: RHB Craig Chapman
|
0-0: Swinging Strike 0-1: Ball 1-1: Grounds into double play, 6-4-3 (Groundball, 6)
|
Bottom of the 6th over - 0 run(s), 1 hit(s), 0 error(s), 0 left on base; Minnesota 1 - Manhatten 2 |
TOP OF THE 7TH |
Minnesota Death Stars batting - Pitching for Manhatten Meatheads : RHP Daniel Carter
|
Pitching: LHP Miguel Angel Meléndez
|
|
Batting: RHB Mike Wagner
|
0-0: Ball 1-0: Ball 2-0: Ground out 5-3 (Groundball, 5)
|
Batting: RHB Octávio Ramos
|
0-0: Ball 1-0: Foul Ball, location: 2F 1-1: Swinging Strike 1-2: Strikes out looking
|
Batting: RHB Pat Bray
|
0-0: Ball 1-0: Called Strike 1-1: Swinging Strike 1-2: Ball 2-2: Foul Ball, location: 2F 2-2: Strikes out swinging
|
Top of the 7th over - 0 run(s), 0 hit(s), 0 error(s), 0 left on base; Minnesota 1 - Manhatten 2 |
BOTTOM OF THE 7TH |
Manhatten Meatheads batting - Pitching for Minnesota Death Stars : RHP Gilbert Bright
|
Batting: RHB Ramiro Santana
|
0-0: Foul Ball, location: 2F 0-1: Ball 1-1: Ball 2-1: Ball 3-1: Base on Balls
|
Pitching: LHP Kurt Brown
|
|
Batting: LHB Hidalgo García
|
0-0: Sac Bunt - play at first, batter OUT! 1-4 Ramiro Santana to second
|
Batting: RHB José Esparza
|
0-0: Intentional Walk
|
Pinch Hitting: SHB José Sousa
|
0-0: Grounds into double play, 6-4-3 (Groundball, 6)
|
Bottom of the 7th over - 0 run(s), 0 hit(s), 0 error(s), 1 left on base; Minnesota 1 - Manhatten 2 |
TOP OF THE 8TH |
Minnesota Death Stars batting - Pitching for Manhatten Meatheads : LHP Miguel Angel Meléndez
|
Pitching: RHP Nathan Davis
|
|
Now at 1B: José Sousa
|
|
Batting: RHB Sergio Calderón
|
0-0: Foul Ball, location: 2F 0-1: Swinging Strike 0-2: Ball 1-2: Ball 2-2: Strikes out swinging
|
Batting: RHB Sean King
|
0-0: SINGLE (Flyball, 7LS)
|
Pinch Hitting: LHB Carlos Estrada
|
0-0: Swinging Strike 0-1: Ball 1-1: Foul Ball, location: 2F 1-2: Ball 2-2: Ball 3-2: Foul Ball, location: 2F 3-2: Strikes out swinging
|
Batting: RHB Raúl Flores
|
0-0: Foul Ball, location: 2F 0-1: Ball 1-1: Called Strike 1-2: Strikes out swinging
|
Top of the 8th over - 0 run(s), 1 hit(s), 0 error(s), 1 left on base; Minnesota 1 - Manhatten 2 |
BOTTOM OF THE 8TH |
Manhatten Meatheads batting - Pitching for Minnesota Death Stars : LHP Kurt Brown
|
Now at SS: Carlos Estrada
|
|
Batting: SHB Cornell Payne
|
0-0: Called Strike 0-1: Ball 1-1: Swinging Strike 1-2: Ball 2-2: Ball 3-2: Base on Balls
|
Batting: RHB Adrián López
|
0-0: Ball 1-0: Sac Bunt - play at first, batter OUT! 1-4 Cornell Payne to second
|
Batting: RHB Denver Baker
|
0-0: Intentional Walk
|
Batting: LHB Robbie Turner
|
0-0: Called Strike 0-1: Grounds into double play, 3-6-3 (Groundball, 3)
|
Bottom of the 8th over - 0 run(s), 0 hit(s), 0 error(s), 1 left on base; Minnesota 1 - Manhatten 2 |
TOP OF THE 9TH |
Minnesota Death Stars batting - Pitching for Manhatten Meatheads : RHP Nathan Davis
|
Pitching: LHP Pedro Cruz
|
|
Batting: RHB Christian Moss
|
0-0: Foul Ball, location: 2F 0-1: Ball 1-1: Ball 2-1: SINGLE (Line Drive, 9LS)
|
Pinch Runner at 1st Kris Ballard:
|
|
Batting: RHB Kel Weeks
|
0-0: Ball 1-0: Ball 2-0: Sac Bunt - play at first, batter OUT! 1-4 Kris Ballard to second
|
Batting: RHB Mike Wagner
|
0-0: Swinging Strike 0-1: Called Strike 0-2: Strikes out swinging
|
Batting: RHB Octávio Ramos
|
0-0: Ball 1-0: Foul Ball, location: 2F 1-1: Ball 2-1: Foul Ball, location: 2F 2-2: Strikes out swinging
|
Top of the 9th over - 0 run(s), 1 hit(s), 0 error(s), 1 left on base; Minnesota 1 - Manhatten 2 |
|